 Dungeon Crawl Stone Soup version 0.24.0-1-gfbc8707122 (webtiles) character file.

Game seed: 7138975323858565007, levelgen mode: deterministic

127 Howlingfantods the Shield-Bearer (level 4, -3/41 HPs)
             Began as a Minotaur Fighter on Oct 28, 2019.
             Slain by Crazy Yiuf
             ... wielding a +3 quarterstaff of chaos
              (17 damage)
             ... on level 4 of the Dungeon.
             The game lasted 00:06:17 (536 turns).

Howlingfantods the Shield-Bearer (Minotaur Fighter)  Turns: 536, Time: 00:06:17

Health: -3/41      AC:  7    Str: 27    XL:     4   Next: 85%
Magic:  3/3        EV:  7    Int:  5    God:
Gold:   56         SH: 10    Dex:  9    Spells: 3/3 levels left

rFire    . . .     SeeInvis .     - Unarmed
rCold    . . .     Gourm    .   b - +0 shield
rNeg     . . .     Faith    .   a - +0 scale mail
rPois    .         Spirit   .   (helmet restricted)
rElec    .         Reflect  .   (no cloak)
rCorr    .         Harm     .   (no gloves)
MR       .....                  (no boots)
Stlth    ..........             (no amulet)
HPRegen  0.13/turn              (no ring)
MPRegen  0.08/turn              (no ring)

@: mighty, lightly drained
A: retaliatory headbutt, horns 2
a: no special abilities


You were on level 4 of the Dungeon.
You were not hungry.

You visited 1 branch of the dungeon, and saw 4 of its levels.

You collected 56 gold pieces.

Inventory:

Hand Weapons
 e - a +2 short sword of freezing
Armour
 a - a +0 scale mail (worn)
 b - a +0 shield (worn)
Comestibles
 d - 3 rations


   Skills:
 * Level 4.4(4.2) Fighting
 * Level 4.5(4.3) Armour
 + Level 0.1(0.0) Dodging
 * Level 4.7(4.4) Shields
 * Level 3.4(3.2) Unarmed Combat


You had 3 spell levels left.
You didn't know any spells.
Your spell library was empty.

Dungeon Overview and Level Annotations

Branches:
Dungeon (4/15)
 Temple: D:4-7

Altars:

Annotations:
D:4 Crazy Yiuf


Innate Abilities, Weirdness & Mutations

You reflexively headbutt those who attack you in melee.
You have a pair of horns on your head.


Message History

Your shield prevents you from hitting Crazy Yiuf.
Crazy Yiuf says, "Crazy?
Crazy!?
PORCUPINE!"
You block Crazy Yiuf's attack.
You closely miss Crazy Yiuf.
Crazy Yiuf hits you with a +3 quarterstaff of chaos.
Space bends around you.
Your shield and scale mail prevent you from hitting Crazy Yiuf.
Crazy Yiuf hits you with a +3 quarterstaff of chaos!
Crazy Yiuf freezes you.
You feel very mighty all of a sudden.
Crazy Yiuf hits you with a +3 quarterstaff of chaos.
Space bends around you.
You completely miss Crazy Yiuf. You block Crazy Yiuf's attack.
You hit Crazy Yiuf. Your headbutt misses Crazy Yiuf.
Crazy Yiuf is moderately wounded.
You closely miss Crazy Yiuf.
Crazy Yiuf is moderately wounded.
Crazy Yiuf hits you with a +3 quarterstaff of chaos.
You are electrocuted!
You die...

...####....###
.. ##..## .
♣P.PP♣ ♣♣P..♣
♣♣.♣♣ ♣♣.♣
♣.♣♣ ♣♣.♣ ♣@♣♣
#g# ... #...#
#)..# #####


You could see Crazy Yiuf.

Vanquished Creatures
  An ogre (D:2)
  2 oozes (D:1)
  A dart slug (D:3)
  A ball python (D:2)
  4 bats
  6 goblins
  2 hobgoblins (D:1)
  4 jackals
  4 frilled lizards
  4 kobolds (D:1)
  4 rats
33 creatures vanquished.

Notes
Turn   | Place    | Note
-------+----------+-------------------------------------------
     0 | D:1      | Howlingfantods the Minotaur Fighter began the quest for the
                  | Orb.
     0 | D:1      | Reached XP level 1. HP: 19/19 MP: 0/0
    62 | D:1      | Reached XP level 2. HP: 26/27 MP: 1/1
   218 | D:1      | Reached XP level 3. HP: 20/33 MP: 2/2
   251 | D:2      | Noticed an ogre
   277 | D:2      | Killed an ogre
   277 | D:2      | Reached XP level 4. HP: 19/41 MP: 3/3
   523 | D:4      | Found a runed translucent door.
   524 | D:4      | Noticed Crazy Yiuf
   536 | D:4      | Slain by Crazy Yiuf

Levels and vault maps discovered:
D:1:      erik_arrival_gehennom, layout_rooms, minivault_4
D:2:      layout_basic, first_ration, uniq_natasha
D:3:      layout_basic
D:4:      layout_cave_pods, dk_rats_in_the_wall, uniq_crazy_yiuf_cottage,
          uniq_eustachio

Skill      XL: |  1  2  3 |
---------------+----------+-----
Shields        | 4 |  4.7
Armour         | 4 |  4.5
Fighting       | 4 |  4.4
Unarmed Combat | 3 |  3.4
Dodging        | |  0.1

Action                   |  1- 3 |  4- 6 || total
-------------------------+-------+-------++-------
Melee: Unarmed           |    73 |    15 ||    88
       Headbutt          |    15 |     3 ||    18
  Use: Scroll            |     1 |     1 ||     2
       Potion            |     1 |     1 ||     2
Armor: Scale mail        |    22 |     1 ||    23
Dodge: Dodged            |    16 |     4 ||    20
Block: Shield            |    32 |     3 ||    35
